 Dungeon Crawl Stone Soup version 0.22-a0-782-g038298e (webtiles) character file.

1028 Hebeh the Thaumaturge (level 8, 0/41 HPs)
             Began as a Deep Elf Conjurer on July 20, 2018.
             Was an Initiate of Vehumet.
             Slain by Edmund
             ... wielding a +4 dire flail of protection
              (14 damage)
             ... on level 5 of the Dungeon.
             The game lasted 00:20:01 (6471 turns).

Hebeh the Thaumaturge (Deep Elf Conjurer)           Turns: 6471, Time: 00:20:01

Health: 0/41       AC:  4    Str:  5    XL:     8   Next: 3%
Magic:  3/23       EV: 13    Int: 23    God:    Vehumet [......]
Gold:   295        SH:  0    Dex: 15    Spells: 14/25 levels left

rFire    . . .     SeeInvis .   t - staff of poison (curse)
rCold    . . .     Gourm    .   (no shield)
rNeg     . . .     Faith    .   a - +0 robe
rPois    +         Spirit   .   e - +0 helmet
rElec    .         Reflect  .   (no cloak)
rCorr    .         Harm     .   (no gloves)
MR       .....                  s - +0 pair of boots
Stlth    ++........             (no amulet)
HPRegen  0.13/turn              (no ring)
MPRegen  0.18/turn              (no ring)

@: no status effects
A: no striking features
a: Renounce Religion


You were on level 5 of the Dungeon.
You worshipped Vehumet.
Vehumet was noncommittal.
You were hungry.

You visited 2 branches of the dungeon, and saw 6 of its levels.

You collected 295 gold pieces.

Inventory:

Hand Weapons
 f - a +1 dagger of draining
Missiles
 q - 79 arrows
Armour
 a - a +0 robe (worn)
 e - a +0 helmet (worn)
 s - a +0 pair of boots (worn)
Magical Staves
 t - a cursed staff of poison (weapon)
Wands
 y - a wand of digging (20)
Scrolls
 b - 10 scrolls of identify {unknown}
 k - 2 scrolls of remove curse {unknown}
 l - 3 scrolls of enchant armour {unknown}
 n - 5 scrolls of enchant weapon {unknown}
 o - a scroll of fear {unknown}
 p - a scroll of teleportation {unknown}
 r - 2 scrolls of fog {unknown}
 u - a scroll of amnesia {unknown}
 v - a scroll of magic mapping {unknown}
 z - a scroll of silence {unknown}
Potions
 d - a potion of magic {unknown}
 g - 3 potions of curing
 h - 4 potions of degeneration {unknown}
 i - a potion of ambrosia {unknown}
 j - 2 potions of haste {unknown}
 m - a potion of flight {unknown}
 w - a potion of heal wounds {unknown}
Comestibles
 c - 9 rations


   Skills:
 - Level 2.4 Dodging
 - Level 2.4 Stealth
 + Level 9.1 Spellcasting
 + Level 8.5 Conjurations


You had 14 spell levels left.
You knew the following spells:

 Your Spells              Type           Power        Failure   Level  Hunger
a - Magic Dart            Conj           ####         1%          1    None
b - Iskenderun's Mystic   Conj           #####...     1%          4    ##.....
c - Searing Ray           Conj           #####.       1%          2    None
d - Force Lance           Conj/Tloc      ####....     11%         4    ##.....

Your spell library contained the following spells:

 Spells                   Type           Power        Failure   Level  Hunger
 Fulminant Prism          Conj/Hex       ####......   11%         4    ##.....
 Dazzling Spray           Conj/Hex       ####..       3%          3    None


Dungeon Overview and Level Annotations

Branches:
Dungeon (5/15)             Temple (1/1) D:5

Altars:
Cheibriados
Elyvilon
Fedhas
Makhleb
Okawaru
Ru
Trog
Uskayaw
Vehumet
Wu Jian
Xom
Zin
The Shining One

Annotations:
D:5 Edmund


Message History

Edmund is severely wounded.
The gnoll hits you from afar with a spear!
Edmund completely misses you.
Casting: Magic Dart (safe; 1% risk of failure)
Confirm with . or Enter, or press ? or * to list all spells.
Aiming: Magic Dart (safe; 1% risk of failure)
Press: ? - help, Shift-Dir - straight line, f/p - Edmund
Aim: Edmund, wielding a dire flail of protection and wearing a chain mail (severely wounded)
The magic dart hits Edmund.
Edmund is severely wounded.
The gnoll closely misses you.
Casting: Magic Dart (safe; 1% risk of failure)
Confirm with . or Enter, or press ? or * to list all spells.
You don't have enough magic to cast that spell.
Edmund barely misses you.
The gnoll hits you from afar with a spear!
Edmund drinks a potion.
Edmund suddenly seems more resistant.
The gnoll hits you from afar with a spear!
Edmund hits you with a dire flail of protection!
You die...

#######.#####..8..8..8..8..####
#.# #.................. #.#
#>.................
#.#####..................
#.#...#..8..8..8..8......
#.#...#.....[............
#.'...###################
###......### #####.@..# .
#..@.########....
#..g.'..รท)).'....
#....########.... #....# .
###.## #.# #.# #.#


You could see Edmund and a gnoll.

Vanquished Creatures
  2 ogres
  A phantom (D:4)
  2 centaurs (D:5)
  A water moccasin zombie (D:5)
  A howler monkey (D:4)
  2 crimson imps (D:5)
  A hound (D:4)
  2 orc wizards (D:4)
  An orc priest (D:4)
  A centaur skeleton (D:4)
  A gnoll shaman (D:5)
  A worker ant (D:4)
  Robin (D:2)
  2 gnolls
  7 adders
  A shadow imp (D:5)
  5 worms
  A dart slug (D:3)
  5 leopard geckos
  9 orcs
  4 ball pythons
  12 bats
  3 giant cockroaches
  18 goblins
  12 hobgoblins
  13 jackals
  7 kobolds
  7 frilled lizards
  A jackal skeleton (D:4)
  A quokka skeleton (D:5)
  7 rats
132 creatures vanquished.

Notes
Turn   | Place    | Note
-------+----------+-------------------------------------------
     0 | D:1      | Hebeh the Deep Elf Conjurer began the quest for the Orb.
     0 | D:1      | Reached XP level 1. HP: 10/10 MP: 6/6
   230 | D:1      | Reached XP level 2. HP: 15/15 MP: 4/8
   269 | D:1      | Learned a level 2 spell: Searing Ray
   786 | D:1      | Reached skill level 4 in Spellcasting
   973 | D:1      | Reached XP level 3. HP: 19/19 MP: 8/10
  1022 | D:1      | Reached skill level 5 in Conjurations
  1196 | D:2      | Found a hide-covered altar of Uskayaw.
  1196 | D:2      | Found a snail-covered altar of Cheibriados.
  1197 | D:2      | Found a white marble altar of Elyvilon.
  1455 | D:2      | Noticed Robin
  1558 | D:2      | Killed Robin
  1558 | D:2      | Reached XP level 4. HP: 14/24 MP: 2/12
  2016 | D:2      | Reached skill level 5 in Spellcasting
  2187 | D:2      | Learned a level 4 spell: Iskenderun's Mystic Blast
  2192 | D:2      | Learned a level 4 spell: Force Lance
  2673 | D:3      | Reached XP level 5. HP: 22/28 MP: 9/14
  3761 | D:4      | Noticed an ogre
  3765 | D:4      | Killed an ogre
  3765 | D:4      | Reached skill level 6 in Spellcasting
  3765 | D:4      | Reached XP level 6. HP: 32/32 MP: 12/17
  4522 | D:4      | Reached skill level 7 in Spellcasting
  4901 | D:4      | Found a glowing silver altar of Zin.
  4902 | D:4      | Noticed an angel
  5133 | D:5      | Entered Level 5 of the Dungeon
  5163 | D:5      | Reached XP level 7. HP: 36/36 MP: 9/19
  5411 | D:5      | Found a blossoming altar of Fedhas.
  5501 | D:5      | Reached skill level 8 in Spellcasting
  5882 | D:5      | Found a staircase to the Ecumenical Temple.
  5895 | Temple   | Entered the Ecumenical Temple
  5903 | Temple   | Became a worshipper of Vehumet
  6303 | D:5      | Reached skill level 9 in Spellcasting
  6303 | D:5      | Reached XP level 8. HP: 24/41 MP: 10/23
  6447 | D:5      | Noticed Edmund
  6471 | D:5      | Slain by Edmund

Vault maps used:
D:1:      sevenhm_arrival_forest_fort_large_2
D:2:      gammafunk_temple_overflow_forgotten, first_ration, minmay_unequal,
          uniq_robin
D:3:      minmay_vboxes
D:4:      zin_angel, grunt_decor_one_mirror, minmay_misc_feat_alley,
          wad_floor_pattern_untrapped, minmay_misc_feat_chi
D:5:      temple_hall, basic_altar, dk_noncrumbling_4, uniq_edmund
Temple:   eino_temple_lava

Skill      XL: |  1  2  3  4  5  6  7 |
---------------+----------------------+-----
Spellcasting   | 4 5 6 7 9 |  9.1
Conjurations   | 5 6 7 8 |  8.5
Dodging        | |  2.4
Stealth        | |  2.4

Action                   |  1- 3 |  4- 6 |  7- 9 || total
-------------------------+-------+-------+-------++-------
Melee: Hand axe          |     1 |       |       ||     1
       Staff             |       |       |     5 ||     5
 Cast: Magic Dart        |    87 |   114 |    47 ||   248
       Searing Ray       |       |     5 |     5 ||    10
       Iskenderun's Myst |       |     8 |    15 ||    23
  Eat: Chunk             |     2 |    11 |     1 ||    14
       Ration            |       |       |     1 ||     1
Armor: Robe              |     2 |     1 |     6 ||     9
Dodge: Dodged            |    17 |    14 |    14 ||    45

Table legend:
 A = Spawn XP
 B = Non-spawn XP
 C = Spawn XP percentage of total XP
 D = Spawn monster count
 E = Non-spawn monster count
 F = Spawn count percentage of total count
 G = Total turns spent on level
                    A         B        C        D         E        F      G
               +---------+---------+-------+---------+---------+-------+---------
         Total |       0 |    1469 |   0.0 |       0 |     132 |   0.0 |  6471
               +---------+---------+-------+---------+---------+-------+---------
           D:1 |       0 |      62 |   0.0 |       0 |      27 |   0.0 |  1378
           D:2 |       0 |      95 |   0.0 |       0 |      31 |   0.0 |  1020
           D:3 |       0 |      96 |   0.0 |       0 |      32 |   0.0 |  1490
           D:4 |       0 |     565 |   0.0 |       0 |      21 |   0.0 |  1535
           D:5 |       0 |     651 |   0.0 |       0 |      21 |   0.0 |  1031
               +---------+---------+-------+---------+---------+-------+---------
